 Dungeon Crawl Stone Soup version 0.30.0-20-g3615ddf2f0 (webtiles) character file.

Game seed: 12091873916057032058

5776 qw the Cleaver (level 10, -1/64 HPs)
             Began as a Gargoyle Fighter on May 29, 2023.
             Was an Initiate of Okawaru.
             Killed from afar by a steam dragon (22 damage)
             ... with a ball of steam
             ... on level 9 of the Dungeon.
             The game lasted 00:04:12 (8349 turns).

qw the Cleaver (Gargoyle Fighter)                   Turns: 8349, Time: 00:04:12

Health: -1/64      AC: 22    Str: 24    XL:     10   Next: 78%
Magic:  10/10      EV:  8    Int:  9    God:    Okawaru [......]
Gold:   317        SH: 10    Dex:  9    Spells: 9/9 levels left

rFire   . . .        Y - +1 war axe
rCold   + . .        b - +0 kite shield
rNeg    + . .        i - +0 chain mail
rPois   inf          (no helmet)
rElec   +            f - +0 cloak
rCorr   +            (no gloves)
SInv    +            h - +0 pair of boots
Will    .....        (no amulet) Stlth
                     p - ring of protection from cold
HPRegen 0.30/turn    c - ring of resist corrosion
MPRegen 0.12/turn

%: no passive effects
@: no status effects
A: sickness immunity, AC +7, negative energy resistance 1, electricity
resistance, torment resistance 1, petrification resistance, iridescent scales 1,
see invisible, shaggy fur 1
a: Renounce Religion


You were on level 9 of the Dungeon.
You worshipped Okawaru.
Okawaru was noncommittal.
You visited 2 branches of the dungeon, and saw 10 of its levels.

You collected 317 gold pieces.


Innate Abilities, Weirdness & Mutations

You are immune to sickness and miasma.
Your stone body is resilient. (AC +7)
You are immune to poison.
You resist negative energy. (rN+)
You are resistant to electric shocks. (rElec)
You are resistant to unholy torment.
You are immune to petrification.
You are partially covered in iridescent scales. (AC +2)
You have supernaturally acute eyesight. (SInv)
You are covered in fur. (AC +1)


   Skills:
 - Level 8.0 Fighting
 + Level 10.0 Axes
 - Level 1.3 Throwing
 - Level 5.5 Armour
 - Level 1.1 Dodging
 - Level 9.7 Shields


You had 9 spell levels left.
You didn't know any spells.
Your spell library was empty.

Inventory:

Hand Weapons
 k - a +2 hand axe of flaming
 Y - a +1 war axe (weapon)
Missiles
 e - 6 boomerangs (quivered)
Armour
 b - a +0 kite shield (worn)
 f - a +0 cloak (worn)
 h - a +0 pair of boots (worn)
 i - a +0 chain mail (worn)
Jewellery
 c - a ring of resist corrosion (right hand)
 n - a ring of resist corrosion
 p - a ring of protection from cold (left hand)
Scrolls
 g - 2 scrolls of identify
Potions
 a - 2 potions of heal wounds
 d - a potion of might
 j - a potion of resistance
 l - 2 potions of lignification
 m - 3 potions of curing
 q - 2 potions of mutation

Dungeon Overview and Level Annotations

Branches:
Dungeon (9/15)             Temple (1/1) D:4
   Lair: D:8-11         Orc: D:9-12

Altars:
Ashenzari
Cheibriados
Dithmenos
Elyvilon
Fedhas
Gozag
Hepliaklqana
Makhleb
Nemelex Xobeh
Okawaru
Qazlal
Ru
Uskayaw
Xom
Yredelemnul
Zin
The Shining One

Shops:
D:2 :


Message History

The orc priest shouts!
You slash the orc warrior!
You hear a shout!
The killer bee stings you but does no damage. x2
An orc comes into view. It is wielding a +1 mace of venom.
The orc warrior hits you but does no damage.
An orc comes into view. It is wielding a +3 whip of freezing.
The killer bee stings you but does no damage.
You block the killer bee's attack.
You closely miss the killer bee.
The killer bee is heavily wounded.
The orc shouts!
You slash the orc warrior! You slash the killer bee!
You kill the killer bee!
Okawaru accepts your kill. The killer bee barely misses you.
An orc priest comes into view. It is wielding a +0 dagger.
The orc warrior hits you but does no damage.
You block the killer bee's attack.
The orc priest shouts!
You hit the orc warrior.
The orc warrior is severely wounded.
You hit the killer bee. You slash the steam dragon!
You block the killer bee's attack. The steam dragon bites you.
The steam dragon completely misses you.
The orc warrior hits you but does no damage.
The killer bee barely misses you.
You slash the orc warrior!
You kill the orc warrior!
Okawaru accepts your kill.
You hit the steam dragon but do no damage.
You completely miss the killer bee. You block the killer bee's attack.
The killer bee stings you but does no damage.
The steam dragon bites you.
The steam dragon claws you but does no damage.
The killer bee stings you but does no damage.
The steam dragon breathes steam at you. The ball of steam hits you!!
You die...

..# .. .... .. .
....... .# .#
D......###.##..#
.......#....#..#
.............#
#.....yD#..####
#...o.)@%.....##.
##..o)#.7.7.#...
.####..#.o..ยค..... .
....o #.7.7.7.7....
#...##...._.......
#......7.7.7.7.... #
###.............. .
#.##<......#.7.7.#...
.......#..............


You could see a steam dragon (catching breath), a killer bee, 2 orc priests and
2 orcs.

Vanquished Creatures
  Erica (D:8)
  Maurice (D:8)
  Maggie (D:8)
  10 yaks (D:8)
  A steam dragon (D:7)
  A water moccasin (D:4)
  2 orc warriors
  A black bear (D:6)
  An ice beast (D:7)
  2 ogres
  5 centaurs
  A phantom (D:4)
  A kobold brigand (D:8)
  A scorpion (D:4)
  2 bullfrogs
  6 wights
  7 killer bees
  6 howler monkeys
  4 jellies
  3 gnoll boudas
  6 orc priests
  Jessica (D:3)
  3 iguanas
  A sleepcap (D:6)
  3 orc wizards
  Ijyb (D:5)
  23 gnolls
  7 adders
  A shadow imp (D:6)
  An ufetubus (D:6)
  3 worms
  5 dart slugs
  23 orcs
  7 ball pythons
  7 endoplasms
  3 giant cockroaches
  7 goblins
  2 hobgoblins
  9 jackals
  7 quokkas
  6 bats
  2 frilled lizards
  14 kobolds
  6 rats
205 creatures vanquished.

Notes
Turn   | Place    | Note
-------+----------+-------------------------------------------
     0 | D:1      | qw the Gargoyle Fighter began the quest for the Orb.
     0 | D:1      | Reached XP level 1. HP: 14/14 MP: 1/1
     0 | D:1      | 0 ||| qw: Version: 0.2-a-102-g2b76a06
     0 | D:1      | 0 ||| qw: Game counter: 447
     0 | D:1      | 0 ||| qw: Always use a shield: true
     0 | D:1      | 0 ||| qw: God list: Okawaru
     0 | D:1      | 0 ||| qw: Allow faded altars: false
     0 | D:1      | 0 ||| qw: Do Orc after D:15 true
     0 | D:1      | 0 ||| qw: Do second Lair branch before Depths: true
     0 | D:1      | 0 ||| qw: Lair rune preference: random
     0 | D:1      | 0 ||| qw: Plans: Normal, Zot:1-4, Slime:5, God:TSO, Crypt,
                  | Tomb, Pan, Hells, Abyss, Win
     0 | D:1      | 0 ||| PLANNING D:1-11
    73 | D:1      | 73 ||| Stepping ~*~*~tactically~*~*~ (hiding).
    80 | D:1      | Reached skill level 2 in Axes
   203 | D:1      | 203 ||| Stepping ~*~*~tactically~*~*~ (stealth).
   206 | D:1      | 206 ||| Stepping ~*~*~tactically~*~*~ (stealth).
   208 | D:1      | 208 ||| Stepping ~*~*~tactically~*~*~ (stealth).
   222 | D:1      | Reached XP level 2. HP: 19/19 MP: 2/2
   247 | D:1      | 247 ||| Stepping ~*~*~tactically~*~*~ (stealth).
   559 | D:1      | Reached skill level 3 in Axes
   562 | D:1      | 562 ||| Stepping ~*~*~tactically~*~*~ (hiding).
   572 | D:1      | Reached XP level 3. HP: 23/23 MP: 3/3
   598 | D:1      | 598 ||| DROPPING +0 club.
   966 | D:1      | 966 ||| READING scroll labelled VIPTIWISHRA.
   967 | D:1      | 967 ||| READING scroll labelled CEKHLI DEXTYTELO.
   970 | D:1      | 970 ||| READING scroll labelled ITALLED LEZEKHLA.
   971 | D:1      | 971 ||| READING scroll labelled MUOFYO SIOCSOT.
   972 | D:1      | 972 ||| DRINKING 2 fizzy orange potions.
   972 | D:1      | Gained mutation: Your muscles are strong. (Str +4, Int/Dex
                  | -1) [potion of mutation]
   972 | D:1      | Gained mutation: You are vulnerable to heat. (rF-) [potion
                  | of mutation]
   972 | D:1      | Gained mutation: You possess an exceptional clarity of
                  | mind. [potion of mutation]
   972 | D:1      | Gained mutation: Your mind is acute. (Int +4, Str/Dex -1)
                  | [potion of mutation]
   973 | D:1      | 973 ||| DRINKING potion of mutation.
   973 | D:1      | Lost mutation: You possess an exceptional clarity of mind.
                  | [potion of mutation]
   973 | D:1      | Lost mutation: Your mind is acute. (Int +4, Str/Dex -1)
                  | [potion of mutation]
   973 | D:1      | Gained mutation: You have supernaturally acute eyesight.
                  | (SInv) [potion of mutation]
   973 | D:1      | Gained mutation: You are strong-willed. (Will+) [potion of
                  | mutation]
   974 | D:1      | 974 ||| DRINKING 2 grey potions.
   975 | D:1      | 975 ||| DROPPING potion of degeneration.
  1143 | D:2      | Found a faded altar of an unknown god.
  1248 | D:2      | 1248 ||| Stepping ~*~*~tactically~*~*~ (stealth).
  1256 | D:2      | Found Catzim's Book Boutique.
  1693 | D:2      | 1693 ||| READING scroll labelled ILLUKO NOENE.
  1694 | D:2      | 1694 ||| READING scroll labelled BULLETYBBE.
  1695 | D:2      | 1695 ||| DRINKING 2 glowing white potions.
  1815 | D:3      | Noticed Jessica
  1820 | D:3      | Reached XP level 4. HP: 28/28 MP: 4/4
  1825 | D:3      | Killed Jessica
  1826 | D:3      | Reached skill level 4 in Axes
  1848 | D:3      | 1848 ||| Stepping ~*~*~tactically~*~*~ (hiding).
  1851 | D:3      | 1851 ||| Stepping ~*~*~tactically~*~*~ (hiding).
  1852 | D:3      | 1852 ||| Stepping ~*~*~tactically~*~*~ (hiding).
  1854 | D:3      | 1854 ||| Stepping ~*~*~tactically~*~*~ (hiding).
  1904 | D:3      | 1904 ||| Stepping ~*~*~tactically~*~*~ (stealth).
  1905 | D:3      | 1905 ||| Stepping ~*~*~tactically~*~*~ (stealth).
  1906 | D:3      | 1906 ||| Stepping ~*~*~tactically~*~*~ (stealth).
  1920 | D:3      | HP: 1/28 [orc priest/divine providence (13)]
  1921 | D:3      | 1921 ||| READING scroll of teleportation.
  1922 | D:3      | 1922 ||| DRINKING potion of heal wounds.
  1925 | D:3      | Reached XP level 5. HP: 28/32 MP: 5/5
  2049 | D:3      | 2049 ||| Stepping ~*~*~tactically~*~*~ (stealth).
  2155 | D:3      | Reached skill level 5 in Axes
  2249 | D:3      | 2249 ||| Stepping ~*~*~tactically~*~*~ (stealth).
  2370 | D:3      | Found a sparkling altar of Nemelex Xobeh.
  2427 | D:3      | 2427 ||| DRINKING potion of mutation.
  2427 | D:3      | Lost mutation: You are strong-willed. (Will+) [potion of
                  | mutation]
  2427 | D:3      | Lost mutation: Your muscles are strong. (Str +4, Int/Dex
                  | -1) [potion of mutation]
  2427 | D:3      | Lost mutation: You are vulnerable to heat. (rF-) [potion of
                  | mutation]
  2427 | D:3      | Gained mutation: You are partially covered in iridescent
                  | scales. (AC +2) [potion of mutation]
  2427 | D:3      | Gained mutation: You are covered in fur. (AC +1) [potion of
                  | mutation]
  2444 | D:3      | 2444 ||| Stepping ~*~*~tactically~*~*~ (stealth).
  2450 | D:3      | 2450 ||| Stepping ~*~*~tactically~*~*~ (stealth).
  2609 | D:3      | 2609 ||| UPGRADING to +0 cloak.
  2614 | D:3      | 2614 ||| UPGRADING to +0 chain mail.
  2624 | D:3      | 2624 ||| DROPPING +0 scale mail.
  2625 | D:3      | 2625 ||| READING scroll labelled ELAURE IHISU.
  2626 | D:3      | 2626 ||| READING scroll labelled OTEGANUTAC.
  2627 | D:3      | 2627 ||| READING scroll labelled NANNIAT WUGHO.
  2628 | D:3      | 2628 ||| DRINKING 2 viscous coppery potions.
  2667 | D:3      | 2667 ||| READING 2 scrolls of identify.
  2667 | D:3      | 2667 ||| IDENTIFYING brown potion
  2730 | D:4      | 2730 ||| PLANNING SEWER
  2778 | D:4      | Reached XP level 6. HP: 30/38 MP: 6/6
  2782 | D:4      | 2782 ||| FLEEEEING.
  2787 | D:4      | 2787 ||| FLEEEEING.
  2788 | D:4      | 2788 ||| FLEEEEING.
  2789 | D:4      | 2789 ||| STAIRDANCE
  2807 | D:3      | 2807 ||| UPGRADING to +0 kite shield.
  2817 | D:3      | 2817 ||| DROPPING +0 buckler.
  2923 | D:4      | Reached XP level 7. HP: 43/43 MP: 7/7
  2961 | D:4      | Found a snail-covered altar of Cheibriados.
  2966 | D:4      | 2966 ||| Stepping ~*~*~tactically~*~*~ (stealth).
  2967 | D:4      | 2967 ||| Stepping ~*~*~tactically~*~*~ (stealth).
  2969 | D:4      | 2969 ||| Stepping ~*~*~tactically~*~*~ (hiding).
  2971 | D:4      | 2971 ||| Stepping ~*~*~tactically~*~*~ (hiding).
  2973 | D:4      | 2973 ||| Stepping ~*~*~tactically~*~*~ (hiding).
  2975 | D:4      | 2975 ||| Stepping ~*~*~tactically~*~*~ (hiding).
  3088 | D:4      | 3088 ||| Stepping ~*~*~tactically~*~*~ (hiding).
  3089 | D:4      | 3089 ||| Stepping ~*~*~tactically~*~*~ (hiding).
  3090 | D:4      | 3090 ||| Stepping ~*~*~tactically~*~*~ (hiding).
  3093 | D:4      | 3093 ||| Stepping ~*~*~tactically~*~*~ (hiding).
  3175 | D:4      | 3175 ||| Stepping ~*~*~tactically~*~*~ (stealth).
  3211 | D:4      | 3211 ||| Stepping ~*~*~tactically~*~*~ (hiding).
  3320 | D:4      | 3320 ||| RIP SEWER
  3322 | D:4      | 3322 ||| PLANNING D:1-11
  3424 | D:4      | Found a staircase to the Ecumenical Temple.
  3425 | D:4      | 3425 ||| PLANNING TEMPLE
  3425 | D:4      | 3425 ||| READING 3 scrolls of identify.
  3425 | D:4      | 3425 ||| IDENTIFYING yellow potion
  3426 | D:4      | 3426 ||| READING 2 scrolls of identify.
  3426 | D:4      | 3426 ||| IDENTIFYING clear potion
  3427 | D:4      | 3427 ||| DROPPING potion of flight.
  3428 | D:4      | 3428 ||| DROPPING potion of magic.
  3436 | Temple   | Entered the Ecumenical Temple
  3436 | Temple   | Found a transporter.
  3436 | Temple   | Found a transporter.
  3438 | Temple   | Found a transporter.
  3438 | Temple   | Found a transporter.
  3448 | Temple   | 3448 ||| PLANNING D:1-11
  3682 | D:5      | Entered Level 5 of the Dungeon
  3695 | D:5      | 3695 ||| STAIRDANCE
  3704 | D:4      | Reached skill level 6 in Axes
  3791 | D:5      | Noticed Ijyb
  3794 | D:5      | Reached skill level 6 in Shields
  3801 | D:5      | Killed Ijyb
  3933 | D:5      | Reached skill level 1 in Dodging
  4129 | D:5      | Reached XP level 8. HP: 48/48 MP: 8/8
  4159 | D:5      | 4159 ||| Stepping ~*~*~tactically~*~*~ (stealth).
  4294 | D:5      | 4294 ||| DROPPING +0 flail.
  4526 | D:5      | Found a basalt altar of Yredelemnul.
  4604 | D:5      | 4604 ||| UPGRADING to ring of protection from cold.
  4605 | D:5      | 4605 ||| READING scroll labelled ZOUHOM XAN.
  4606 | D:5      | 4606 ||| READING scroll labelled EHUNIUHEWK.
  4651 | D:6      | HP: 7/48 [gnoll bouda/+0 club (6)]
  4652 | D:6      | 4652 ||| READING scroll of teleportation.
  4653 | D:6      | 4653 ||| DRINKING 3 potions of heal wounds.
  4665 | D:6      | Reached skill level 7 in Axes
  4698 | D:6      | 4698 ||| FLEEEEING.
  4699 | D:6      | 4699 ||| FLEEEEING.
  4701 | D:6      | 4701 ||| FLEEEEING.
  4702 | D:6      | 4702 ||| STAIRDANCE
  4752 | D:6      | 4752 ||| DROPPING +1 flail of protection.
  4787 | D:6      | HP: 9/48 [gnoll/+0 whip[a gnoll bouda] (7)]
  4788 | D:6      | 4788 ||| DRINKING 2 potions of heal wounds.
  5135 | D:6      | Found a glowing silver altar of Zin.
  5143 | D:6      | Reached skill level 1 in Throwing
  5250 | D:6      | Found a glowing golden altar of the Shining One.
  5251 | D:6      | Found a white marble altar of Elyvilon.
  5333 | D:6      | Found a broken altar of Ashenzari.
  5439 | D:6      | 5439 ||| UPGRADING to +0 pair of boots.
  5577 | D:7      | 5577 ||| Stepping ~*~*~tactically~*~*~ (stealth).
  5580 | D:7      | 5580 ||| Stepping ~*~*~tactically~*~*~ (stealth).
  5596 | D:7      | 5596 ||| Stepping ~*~*~tactically~*~*~ (stealth).
  5620 | D:7      | 5620 ||| Stepping ~*~*~tactically~*~*~ (stealth).
  5628 | D:7      | 5628 ||| FLEEEEING.
  5629 | D:7      | 5629 ||| FLEEEEING.
  5630 | D:7      | 5630 ||| FLEEEEING.
  5631 | D:7      | 5631 ||| FLEEEEING.
  5643 | D:7      | 5643 ||| DROPPING ring of wizardry.
  5655 | D:7      | Reached skill level 8 in Axes
  5655 | D:7      | Reached XP level 9. HP: 54/54 MP: 9/9
  5691 | D:7      | 5691 ||| Stepping ~*~*~tactically~*~*~ (water).
  5712 | D:7      | 5712 ||| Stepping ~*~*~tactically~*~*~ (stealth).
  5714 | D:7      | 5714 ||| Stepping ~*~*~tactically~*~*~ (stealth).
  5716 | D:7      | 5716 ||| Stepping ~*~*~tactically~*~*~ (hiding).
  5732 | D:7      | 5732 ||| Stepping ~*~*~tactically~*~*~ (stealth).
  5734 | D:7      | 5734 ||| Stepping ~*~*~tactically~*~*~ (hiding).
  5735 | D:7      | 5735 ||| Stepping ~*~*~tactically~*~*~ (hiding).
  5818 | D:7      | 5818 ||| Stepping ~*~*~tactically~*~*~ (stealth).
  5822 | D:7      | 5822 ||| Stepping ~*~*~tactically~*~*~ (stealth).
  5824 | D:7      | Found a hazy altar of Hepliaklqana.
  5825 | D:7      | 5825 ||| Stepping ~*~*~tactically~*~*~ (stealth).
  5834 | D:7      | 5834 ||| Stepping ~*~*~tactically~*~*~ (stealth).
  5835 | D:7      | 5835 ||| Stepping ~*~*~tactically~*~*~ (stealth).
  5973 | D:7      | Reached skill level 6 in Fighting
  6035 | D:7      | 6035 ||| Stepping ~*~*~tactically~*~*~ (hiding).
  6047 | D:7      | 6047 ||| DROPPING +0 morningstar.
  6141 | D:7      | 6141 ||| Stepping ~*~*~tactically~*~*~ (stealth).
  6143 | D:7      | 6143 ||| Stepping ~*~*~tactically~*~*~ (hiding).
  6165 | D:7      | 6165 ||| Stepping ~*~*~tactically~*~*~ (stealth).
  6167 | D:7      | 6167 ||| Stepping ~*~*~tactically~*~*~ (hiding).
  6278 | D:7      | 6278 ||| Stepping ~*~*~tactically~*~*~ (hiding).
  6870 | D:7      | 6870 ||| UPGRADING to ring of resist corrosion.
  6871 | D:7      | 6871 ||| READING scroll labelled ZAICHY RIAF.
  6972 | D:7      | 6972 ||| READING scroll labelled FYB DEASYL QUT.
  6973 | D:7      | 6973 ||| READING 4 scrolls of identify.
  6973 | D:7      | 6973 ||| IDENTIFYING murky grey potion
  6974 | D:7      | 6974 ||| READING 3 scrolls of identify.
  6974 | D:7      | 6974 ||| IDENTIFYING inky potion
  6975 | D:7      | 6975 ||| READING 2 scrolls of identify.
  6975 | D:7      | 6975 ||| IDENTIFYING sapphire potion
  6976 | D:7      | 6976 ||| DROPPING potion of ambrosia.
  6977 | D:7      | 6977 ||| DROPPING potion of invisibility.
  7031 | D:8      | Reached skill level 9 in Axes
  7052 | D:8      | Reached XP level 10. HP: 26/63 MP: 10/10
  7195 | D:8      | Found a sacrificial altar of Ru.
  7273 | D:8      | Noticed Maurice
  7274 | D:8      | Noticed Maggie
  7286 | D:8      | Killed Maurice
  7292 | D:8      | Killed Maggie
  7497 | D:8      | Noticed Erica
  7498 | D:8      | 7498 ||| Stepping ~*~*~tactically~*~*~ (hiding).
  7506 | D:8      | Killed Erica
  7507 | D:8      | Reached skill level 9 in Shields
  7594 | D:8      | 7594 ||| Stepping ~*~*~tactically~*~*~ (stealth).
  7598 | D:8      | 7598 ||| Stepping ~*~*~tactically~*~*~ (stealth).
  7800 | D:8      | 7800 ||| Stepping ~*~*~tactically~*~*~ (stealth).
  8084 | D:9      | 8084 ||| Stepping ~*~*~tactically~*~*~ (stealth).
  8085 | D:9      | 8085 ||| Stepping ~*~*~tactically~*~*~ (hiding).
  8087 | D:9      | 8087 ||| Stepping ~*~*~tactically~*~*~ (hiding).
  8103 | D:9      | 8103 ||| FLEEEEING.
  8104 | D:9      | 8104 ||| STAIRDANCE
  8156 | D:9      | 8156 ||| STAIRDANCE
  8194 | D:9      | 8194 ||| STAIRDANCE
  8204 | D:8      | Reached skill level 10 in Axes
  8298 | D:9      | Found an iron altar of Okawaru.
  8299 | D:9      | 8299 ||| PLANNING OKAWARU WORSHIP
  8320 | D:9      | 8320 ||| Stepping ~*~*~tactically~*~*~ (stealth).
  8329 | D:9      | Became a worshipper of Warmaster Okawaru
  8329 | D:9      | 8329 ||| PLANNING D:1-11
  8349 | D:9      | Killed from afar by a steam dragon

Levels and vault maps discovered:
D:1:      amcnicky_arrival_abandoned_market, layout_loops_ring
D:2:      layout_loops_ring, serial_glass, glass_columns_a, glass_columns_a,
          serial_shops, shop_statue,
          dreamdust_ecumenical_altar_hidden_monk_grotto
D:3:      layout_basic, nemelex_diamond_rough_becter, chequers_mini_garden,
          dk_vineyard_1, fountainhead, uniq_jessica
D:4:      cheibrodos_helix_gallery, layout_cave_pools, lemuel_round_altar,
          minmay_temple_entry_statues_pillars, portal_sewer_entry_d,
          corexii_corridor_pit
D:5:      layout_loops_cross, lemuel_coloured_pillars_altar,
          hangedman_decor_growths, amcnicky_mini_rare_corridor_liquid, uniq_ijyb
D:6:      layout_cave_pools, good_gods_temple_1,
          mainiacjoe_overflow_small_starburst, chequers_serial_rivers_room_a,
          kennysheep_generic_room_12
D:7:      layout_loops_ring, nicolae_hepliaklqana_hazy_memory, serial_rivers,
          chequers_serial_rivers_small_a, chequers_serial_rivers_large_a,
          chequers_serial_rivers_micro_b, chequers_serial_rivers_large_b,
          nicolae_water_bricks, grunt_decor_resistance
D:8:      layout_loops_ring, mainiacjoe_overflow_boulevard, serial_park_tiny_1,
          uniq_erica, uniq_maurice, uniq_maggie
D:9:      layout_cave_pools, mainiacjoe_overflow_tiny_flanked, okawaru_trees_1,
          vehumet_crystals, nicolae_wu_jian_wuxing_cycle, orc_0_dummy,
          hangedman_minor_gate_pass
Temple:   hellmonk_temple_divided_pantheon

Skill      XL: |  1  2  3  4  5  6  7  8  9 10 |
---------------+-------------------------------+-----
Axes           | 2 3 4 5 6 8 9 10 | 10.0
Fighting       | 4 5 7 8 |  8.0
Shields        | 5 6 7 8 9 |  9.7
Dodging        | 1 |  1.1
Throwing       | 1 |  1.3
Armour         | 4 5 |  5.5

Action                     |  1- 3 |  4- 6 |  7- 9 | 10-12 || total
---------------------------+-------+-------+-------+-------++-------
  Melee: War axe           |    98 |    97 |   310 |   143 ||   648
  Throw: Boomerang         |    25 |    41 |    65 |     7 ||   138
    Use: Scroll            |     6 |     5 |    10 |       ||    21
         Potion            |     4 |     3 |     2 |       ||     9
   Stab: Distracted        |       |       |     1 |       ||     1
 Armour: Scale mail        |    41 |    39 |       |       ||    80
         Chain mail        |       |    29 |   221 |   112 ||   362
  Dodge: Dodged            |    51 |    28 |   118 |    56 ||   253
  Block: Buckler           |    18 |    21 |       |       ||    39
         Kite shield       |       |     3 |   153 |   114 ||   270

Table legend:
 A = Non-vault XP
 B = Vault XP
 C = Vault XP percentage of total XP
 D = Non-vault monster count
 E = Vault monster count
 F = Vault count percentage of total count
                 A         B        C        D         E       F
            +---------+---------+-------+---------+---------+-------
      Total |    6825 |    1563 |  18.6 |     197 |       8 |   3.9
            +---------+---------+-------+---------+---------+-------
        D:1 |      48 |       0 |   0.0 |      27 |       0 |   0.0
        D:2 |      28 |       0 |   0.0 |      17 |       0 |   0.0
        D:3 |     167 |      37 |  18.1 |      26 |       1 |   3.7
        D:4 |     561 |      18 |   3.1 |      21 |       3 |  12.5
        D:5 |     414 |      33 |   7.4 |      11 |       1 |   8.3
        D:6 |     707 |       0 |   0.0 |      25 |       0 |   0.0
        D:7 |    1505 |       0 |   0.0 |      36 |       0 |   0.0
        D:8 |    2616 |    1475 |  36.1 |      24 |       3 |  11.1
        D:9 |     779 |       0 |   0.0 |      10 |       0 |   0.0
            +---------+---------+-------+---------+---------+-------
